SL
ATHLETIC CLUB KC @ FT. WORTH CATTLEMEN
09/25/2032
 
TOP OF THE 1ST
Athletic Club KC batting - Pitching for Ft. Worth Cattlemen : RHP Robbie Betchley
Pitching: RHP Robbie Betchley
Batting: LHB Pablo Hernández 0-0: Ball
1-0: Foul Ball, location: 2F
1-1: Called Strike
1-2: SINGLE (Line Drive, 34)
Batting: RHB Jesús Vargas 0-0: Called Strike
0-1: Swinging Strike
0-2: Ball
1-2: Foul Ball, location: 2F
1-2: Strikes out swinging
Batting: SHB Pedro Vázquez 0-0: Ball
1-0: Ball
2-0: Foul Ball, location: 2F
2-1: SINGLE (Groundball, 34D)
Pablo Hernández to second
Runner from 2nd tries for 3rd, SAFE, no throw
Batting: LHB Tsai Ng 0-0: Ball
Pedro Vázquez steals 2nd base
1-0: Ball
2-0: Fly out, F9 (Flyball, 9S)
Runner from 3rd tags up, SCORES, throw made
Batting: LHB Jesús Reyes 0-0: Swinging Strike
0-1: Ball
1-1: Foul Ball, location: 2F
1-2: Strikes out looking
Top of the 1st over - 1 run, 2 hits, 0 errors, 1 left on base; Athletic Club KC 1 - Ft. Worth 0
BOTTOM OF THE 1ST
Ft. Worth Cattlemen batting - Pitching for Athletic Club KC : LHP Ash Ibarra
Pitching: LHP Ash Ibarra
Batting: LHB Chris Etheridge 0-0: Ball
1-0: Ball
2-0: Foul Ball, location: 2F
2-1: Ball
3-1: SINGLE (Line Drive, 56)
Batting: LHB Nobuo Yamashita 0-0: Called Strike
0-1: Ball
1-1: Foul Ball, location: 2F
1-2: Strikes out swinging
Batting: RHB Bart Lewis 0-0: Called Strike
Throwing error on steal attempt, E2
Chris Etheridge to third
0-1: Ball
1-1: Ball
2-1: SINGLE (Groundball, 56) (infield hit)
Chris Etheridge scores
Batting: RHB Tim Burney 0-0: Ball
1-0: Foul Ball, location: 2F
1-1: Ball
2-1: SINGLE (Groundball, 6MD)
Bart Lewis to second
Batting: RHB Rich Flannery 0-0: Called Strike
0-1: Ball
1-1: Ball
2-1: Ball
3-1: Base on Balls
Bart Lewis to third
Tim Burney to second
Batting: RHB Otis Brewer 0-0: Ball
1-0: Fly out, F9 (Flyball, 89M)
Runner from 3rd tags up, SCORES, throw made
Batting: RHB Vincent Vega 0-0: Ball
1-0: Foul Ball, location: 2F
1-1: Ball
2-1: SINGLE (Groundball, 6MD)
Tim Burney to third
Rich Flannery to second
Runner from 3rd tries for Home, throw and OUT!
Bottom of the 1st over - 2 runs, 4 hits, 1 error, 2 left on base; Athletic Club KC 1 - Ft. Worth 2
TOP OF THE 2ND
Athletic Club KC batting - Pitching for Ft. Worth Cattlemen : RHP Robbie Betchley
Batting: RHB Andrés Medina 0-0: Ball
1-0: Ball
2-0: Ball
3-0: Called Strike
3-1: Foul Ball, location: 2F
3-2: SINGLE (Line Drive, 5D)
Batting: LHB Matt Herman 0-0: Ball
1-0: Grounds into double play, 1-6-3 (Groundball, 13)
Batting: LHB Wu-shun Chu 0-0: Foul Ball, location: 2F
0-1: Swinging Strike
0-2: Strikes out swinging
Top of the 2nd over - 0 runs, 1 hit, 0 errors, 0 left on base; Athletic Club KC 1 - Ft. Worth 2
BOTTOM OF THE 2ND
Ft. Worth Cattlemen batting - Pitching for Athletic Club KC : LHP Ash Ibarra
Batting: RHB Lloyd Alberink 0-0: Called Strike
0-1: Ball
1-1: Foul Ball, location: 2F
1-2: Ball
2-2: Ball
3-2: Base on Balls
Batting: SHB Roberto Mosca 0-0: Ball
1-0: Foul Ball, location: 2F
1-1: Fly out, F9 (Flyball, 9LS)
Batting: LHB Chris Etheridge 0-0: Foul Ball, location: 2F
0-1: Foul Ball, location: 2F
0-2: TRIPLE (Flyball, 89XD)
Lloyd Alberink scores
Batting: LHB Nobuo Yamashita 0-0: Ball
Steal of home, Chris Etheridge is out
1-0: Called Strike
1-1: Ground out 4-3 (Groundball, 4)
Bottom of the 2nd over - 1 run, 1 hit, 0 errors, 0 left on base; Athletic Club KC 1 - Ft. Worth 3
TOP OF THE 3RD
Athletic Club KC batting - Pitching for Ft. Worth Cattlemen : RHP Robbie Betchley
Batting: RHB Khal Drogo 0-0: Foul Ball, location: 2F
0-1: Ball
1-1: Swinging Strike
1-2: Ball
2-2: SINGLE (Line Drive, 9S)
Batting: LHB Pablo Hernández 0-0: Ball
1-0: Fly out, F7 (Flyball, 78M)
Batting: RHB Jesús Vargas 0-0: Ball
Khal Drogo is caught stealing 2nd base
1-0: Called Strike
1-1: Ball
2-1: Called Strike
2-2: Foul Ball, location: 2F
2-2: Ball
3-2: Strikes out swinging
Top of the 3rd over - 0 runs, 1 hit, 0 errors, 0 left on base; Athletic Club KC 1 - Ft. Worth 3
BOTTOM OF THE 3RD
Ft. Worth Cattlemen batting - Pitching for Athletic Club KC : LHP Ash Ibarra
Batting: RHB Bart Lewis 0-0: Called Strike
0-1: Swinging Strike
0-2: Strikes out swinging
Batting: RHB Tim Burney 0-0: Called Strike
0-1: Ball
1-1: Hit by Pitch
Batting: RHB Rich Flannery 0-0: Ball
1-0: Ball
Wild Pitch!
Tim Burney to second
2-0: Ball
3-0: Called Strike
3-1: Base on Balls
Batting: RHB Otis Brewer 0-0: Ball
1-0: Swinging Strike
1-1: Ball
2-1: Grounds into double play, 4-6-3 (Groundball, 4)
Bottom of the 3rd over - 0 runs, 0 hits, 0 errors, 1 left on base; Athletic Club KC 1 - Ft. Worth 3
TOP OF THE 4TH
Athletic Club KC batting - Pitching for Ft. Worth Cattlemen : RHP Robbie Betchley
Batting: SHB Pedro Vázquez 0-0: Foul Ball, location: 2F
0-1: Ball
1-1: Foul Ball, location: 2F
1-2: Ball
2-2: Ball
3-2: Ground out U3 (Groundball, 3L)
Batting: LHB Tsai Ng 0-0: Ball
1-0: Ball
2-0: Foul Ball, location: 2F
2-1: Foul Ball, location: 2F
2-2: Ball
3-2: Strikes out looking
Batting: LHB Jesús Reyes 0-0: Ball
1-0: Ball
2-0: Swinging Strike
2-1: Swinging Strike
2-2: Strikes out swinging
Top of the 4th over - 0 runs, 0 hits, 0 errors, 0 left on base; Athletic Club KC 1 - Ft. Worth 3
BOTTOM OF THE 4TH
Ft. Worth Cattlemen batting - Pitching for Athletic Club KC : LHP Ash Ibarra
Batting: RHB Vincent Vega 0-0: Ball
1-0: Ball
2-0: Ball
3-0: Base on Balls
Batting: RHB Lloyd Alberink 0-0: Swinging Strike
0-1: Ball
1-1: SINGLE (Line Drive, 89M)
Vincent Vega to second
Batting: SHB Roberto Mosca 0-0: Foul Ball, location: 2F
0-1: Swinging Strike
0-2: Grounds into double play, 4-6-3 (Groundball, 4)
Vincent Vega to third
Batting: LHB Chris Etheridge 0-0: Fly out, F8 (Flyball, 8LM)
Bottom of the 4th over - 0 runs, 1 hit, 0 errors, 1 left on base; Athletic Club KC 1 - Ft. Worth 3
TOP OF THE 5TH
Athletic Club KC batting - Pitching for Ft. Worth Cattlemen : RHP Robbie Betchley
Batting: RHB Andrés Medina 0-0: Called Strike
0-1: Ball
1-1: Ball
2-1: Foul Ball, location: 2F
2-2: Ball
3-2: SINGLE (Groundball, 3D)
Batting: LHB Matt Herman 0-0: Ball
1-0: Ball
2-0: SINGLE (Groundball, 4) (infield hit)
Andrés Medina to second
Batting: LHB Wu-shun Chu 0-0: Swinging Strike
0-1: Ball
1-1: Ground out 4-3 (Groundball, 4S)
Andrés Medina to third
Matt Herman to second
Batting: RHB Khal Drogo 0-0: Called Strike
0-1: Ball
1-1: Swinging Strike
1-2: Ball
2-2: Foul Ball, location: 2F
2-2: Ball
3-2: Base on Balls
Batting: LHB Pablo Hernández 0-0: Ball
1-0: Foul Ball, location: 2F
1-1: Ball
2-1: Ball
3-1: Base on Balls
Andrés Medina scores
Matt Herman to third
Khal Drogo to second
Batting: RHB Jesús Vargas 0-0: Ball
1-0: Called Strike
1-1: Foul Ball, location: 2F
1-2: DOUBLE (Line Drive, 78D)
Matt Herman scores
Khal Drogo scores
Pablo Hernández to third
Runner from 3rd tries for Home, SAFE, no throw
Pitching: RHP Oliver Huerta
Batting: SHB Pedro Vázquez 0-0: Ball
1-0: Ground out 3-1 (Groundball, 34)
Jesús Vargas to third
Batting: LHB Tsai Ng 0-0: Ball
1-0: SINGLE (Groundball, 4D)
Jesús Vargas scores
Batting: LHB Jesús Reyes 0-0: Ball
1-0: Called Strike
1-1: Ball
2-1: Ball
3-1: Fly out, F8 (Flyball, 8RM)
Top of the 5th over - 5 runs, 4 hits, 0 errors, 1 left on base; Athletic Club KC 6 - Ft. Worth 3
BOTTOM OF THE 5TH
Ft. Worth Cattlemen batting - Pitching for Athletic Club KC : LHP Ash Ibarra
Batting: LHB Nobuo Yamashita 0-0: Called Strike
0-1: Ball
1-1: SINGLE (Flyball, 5D)
Batting: RHB Bart Lewis 0-0: Called Strike
0-1: Ball
1-1: Swinging Strike
1-2: Foul Ball, location: 2F
1-2: SINGLE (Groundball, 4MD)
Nobuo Yamashita to second
Runner from 2nd tries for 3rd, SAFE, no throw
Batting: RHB Tim Burney 0-0: Ball
1-0: Foul Ball, location: 2F
1-1: Ball
2-1: Foul Ball, location: 2F
2-2: Strikes out looking
Batting: RHB Rich Flannery 0-0: Called Strike
0-1: Swinging Strike
0-2: Ball
1-2: Foul Ball, location: 2F
1-2: Foul Ball, location: 2F
1-2: Fly out, F8 (Flyball, 8RM)
Runner from 3rd tags up, SCORES, throw made
Batting: RHB Otis Brewer 0-0: Called Strike
0-1: Foul Ball, location: 2F
0-2: DOUBLE (Groundball, 5L)
Bart Lewis to third
Runner from 3rd tries for Home, SAFE, no throw
Batting: RHB Vincent Vega 0-0: Ground out 6-3 (Groundball, 6)
Bottom of the 5th over - 2 runs, 3 hits, 0 errors, 1 left on base; Athletic Club KC 6 - Ft. Worth 5
TOP OF THE 6TH
Athletic Club KC batting - Pitching for Ft. Worth Cattlemen : RHP Oliver Huerta
Batting: RHB Andrés Medina 0-0: Ball
1-0: Ball
2-0: Called Strike
2-1: Foul Ball, location: 2F
2-2: Foul Ball, location: 2F
2-2: Ball
3-2: Fly out, F9 (Flyball, 9LSF)
Batting: LHB Matt Herman 0-0: Ball
1-0: Ground out U3 (Groundball, 3)
Batting: LHB Wu-shun Chu 0-0: Ball
1-0: Ball
2-0: Fly out, F7 (Flyball, 78M)
Top of the 6th over - 0 runs, 0 hits, 0 errors, 0 left on base; Athletic Club KC 6 - Ft. Worth 5
BOTTOM OF THE 6TH
Ft. Worth Cattlemen batting - Pitching for Athletic Club KC : LHP Ash Ibarra
Batting: RHB Lloyd Alberink 0-0: Foul Ball, location: 2F
0-1: Called Strike
0-2: Ball
1-2: Foul Ball, location: 2F
1-2: Ball
2-2: Ground out 6-3 (Groundball, 6M)
Batting: SHB Roberto Mosca 0-0: Called Strike
0-1: Ball
1-1: SINGLE (Groundball, 56D)
Batting: LHB Chris Etheridge 0-0: Ball
1-0: Called Strike
1-1: Swinging Strike
1-2: Foul Ball, location: 2F
1-2: Strikes out swinging
Pitching: RHP Hi-sang Pak
Batting: LHB Nobuo Yamashita 0-0: Called Strike
0-1: Ball
1-1: Ball
2-1: Fly out, F8 (Flyball, 8RM)
Bottom of the 6th over - 0 runs, 1 hit, 0 errors, 1 left on base; Athletic Club KC 6 - Ft. Worth 5
TOP OF THE 7TH
Athletic Club KC batting - Pitching for Ft. Worth Cattlemen : RHP Oliver Huerta
Batting: RHB Khal Drogo 0-0: Ball
1-0: Ball
2-0: Ball
3-0: Base on Balls
Batting: LHB Pablo Hernández 0-0: Ball
1-0: Sac Bunt - play at first, batter OUT! 1-4
Khal Drogo to second
Batting: RHB Jesús Vargas 0-0: Intentional Walk
Batting: SHB Pedro Vázquez 0-0: Ball
1-0: Ball
2-0: Foul Ball, location: 2F
2-1: Swinging Strike
2-2: Foul Ball, location: 2F
2-2: Foul Ball, location: 2F
2-2: SINGLE (Groundball, 56D)
Khal Drogo to third
Jesús Vargas to second
Runner from 3rd tries for Home, throw and OUT!
Batting: LHB Tsai Ng 0-0: Ball
1-0: Ground out 4-3 (Groundball, 34)
Top of the 7th over - 0 runs, 1 hit, 0 errors, 2 left on base; Athletic Club KC 6 - Ft. Worth 5
BOTTOM OF THE 7TH
Ft. Worth Cattlemen batting - Pitching for Athletic Club KC : RHP Hi-sang Pak
Batting: RHB Bart Lewis 0-0: Called Strike
0-1: Fly out, F6 (Line Drive, 6M)
Batting: RHB Tim Burney 0-0: Fly out, F8 (Flyball, 78D)
Batting: RHB Rich Flannery 0-0: Foul Ball, location: 2F
0-1: Foul Ball, location: 2F
0-2: Foul Ball, location: 2F
0-2: Strikes out swinging
Bottom of the 7th over - 0 runs, 0 hits, 0 errors, 0 left on base; Athletic Club KC 6 - Ft. Worth 5
TOP OF THE 8TH
Athletic Club KC batting - Pitching for Ft. Worth Cattlemen : RHP Oliver Huerta
Batting: LHB Jesús Reyes 0-0: Ball
1-0: Foul Ball, location: 2F
1-1: Foul Ball, location: 2F
1-2: Ball
2-2: Strikes out swinging
Batting: RHB Andrés Medina 0-0: Called Strike
0-1: Foul Ball, location: 2F
0-2: Ball
1-2: Ball
2-2: SINGLE (Flyball, 78M)
Pitching: LHP Ricardo Ruíz
Batting: LHB Matt Herman 0-0: Ball
1-0: Ball
2-0: Foul Ball, location: 2F
2-1: Foul Ball, location: 2F
2-2: Fly out, F9 (Flyball, 9LS)
Pinch Hitting: RHB Karl Schultz 0-0: Ball
1-0: Ball
2-0: Ground out 5-3 (Groundball, 56S)
Top of the 8th over - 0 runs, 1 hit, 0 errors, 1 left on base; Athletic Club KC 6 - Ft. Worth 5
BOTTOM OF THE 8TH
Ft. Worth Cattlemen batting - Pitching for Athletic Club KC : RHP Hi-sang Pak
Now in RF: Karl Schultz
Batting: RHB Otis Brewer 0-0: Called Strike
0-1: Ball
1-1: Foul Ball, location: 2F
1-2: Ball
2-2: Ball
3-2: Base on Balls
Batting: RHB Vincent Vega 0-0: Ball
Wild Pitch!
Otis Brewer to second
1-0: Swinging Strike
1-1: Ball
2-1: Foul Ball, location: 2F
2-2: Foul Ball, location: 2F
2-2: Foul Ball, location: 2F
2-2: Strikes out swinging
Pinch Hitting: LHB Rick Mayfield 0-0: Called Strike
0-1: Called Strike
0-2: Strikes out swinging
Batting: SHB Roberto Mosca 0-0: Called Strike
0-1: Ball
1-1: Foul Ball, location: 2F
1-2: Ball
2-2: Foul Ball, location: 2F
2-2: Ground out U3 (Groundball, 3)
Bottom of the 8th over - 0 runs, 0 hits, 0 errors, 1 left on base; Athletic Club KC 6 - Ft. Worth 5
TOP OF THE 9TH
Athletic Club KC batting - Pitching for Ft. Worth Cattlemen : LHP Ricardo Ruíz
Pitching: RHP Nicholas Wells
Now at 3B: Jesús Martínez
Batting: RHB Khal Drogo 0-0: Ground out 6-3 (Groundball, 6M)
Batting: LHB Pablo Hernández 0-0: Called Strike
0-1: Swinging Strike
0-2: Foul Ball, location: 2F
0-2: Ground out 6-3 (Groundball, 6)
Batting: RHB Jesús Vargas 0-0: Ball
1-0: Foul Ball, location: 2F
1-1: Hit by Pitch
Batting: SHB Pedro Vázquez 0-0: SINGLE (Line Drive, 89S)
Jesús Vargas to second
Batting: LHB Tsai Ng 0-0: Ball
1-0: Foul Ball, location: 2F
1-1: Foul Ball, location: 2F
1-2: SINGLE (Groundball, 34D)
Jesús Vargas to third
Pedro Vázquez to second
Runner from 3rd tries for Home, SAFE, no throw
Batting: LHB Jesús Reyes 0-0: Called Strike
0-1: Foul Ball, location: 2F
0-2: Ball
1-2: Ball
2-2: Foul Ball, location: 2F
2-2: Fly out, F9 (Flyball, 9S)
Top of the 9th over - 1 run, 2 hits, 0 errors, 2 left on base; Athletic Club KC 7 - Ft. Worth 5
BOTTOM OF THE 9TH
Ft. Worth Cattlemen batting - Pitching for Athletic Club KC : RHP Hi-sang Pak
Batting: LHB Chris Etheridge 0-0: Called Strike
0-1: Swinging Strike
0-2: Foul Ball, location: 2F
0-2: Ball
1-2: Strikes out swinging
Batting: LHB Nobuo Yamashita 0-0: Ball
1-0: Called Strike
1-1: Ball
2-1: Ball
3-1: Ground out 6-3 (Groundball, 6)
Batting: RHB Bart Lewis 0-0: Ball
1-0: Ball
2-0: Called Strike
2-1: Ball
3-1: Fly out, F7 (Line Drive, 7D)
Bottom of the 9th over - 0 runs, 0 hits, 0 errors, 0 left on base; Athletic Club KC 7 - Ft. Worth 5
Wednesday, September 19th, 2018 - OOTP Baseball 18.8 Build 76